 Dungeon Crawl Stone Soup version 0.19-a0-1142-ga75ee97 (webtiles) character file.

101 IDKthis2c the Magician (level 4, 0/24 HPs)
             Began as a Deep Elf Wizard on Aug 13, 2016.
             Hit by a stone thrown by a goblin (1 damage)
             ... on level 2 of the Dungeon.
             The game lasted 00:17:47 (1672 turns).

IDKthis2c the Magician (Deep Elf Wizard)            Turns: 1672, Time: 00:17:50

Health: 0/24       AC:  3    Str:  4    XL:     4   Next: 48%
Magic:  4/12       EV: 13    Int: 22    God:
Gold:   65         SH:  0    Dex: 13    Spells: 6 memorised, 3 levels left

rFire  . . .     SeeInvis .     t - -2 mace
rCold  . . .     Gourm    .     a - +0 robe
rNeg   . . .     Faith    .     (no shield)
rPois  .         Spirit   .     b - +0 hat
rElec  .         Dismiss  .     s - +0 cloak
rCorr  .         Reflect  .     (no gloves)
MR     .....     Harm     .     (no boots)
Stlth  ++........               (no amulet)
                                (no ring)
                                (no ring)

@: lethally poisoned (0 -> -18), repel missiles
A: dopey 1, low mp 1, slow regeneration 1
a: no special abilities


You were on level 2 of the Dungeon.
You were very hungry.

You visited 1 branch of the dungeon, and saw 2 of its levels.

You collected 65 gold pieces.

Inventory:

Hand Weapons
 h - a +0 dagger
 i - a +0 short sword
 k - a +0 club
 m - a +0 whip
 p - a +0 mace
 q - a +0 mace
 r - a +3 quarterstaff of chaos
 t - a -2 mace (weapon)
 u - a +0 mace
 v - a cursed -1 mace
 x - a +2 dagger of venom
Missiles
 f - 29 stones (quivered)
 n - 7 tomahawks
Armour
 a - a +0 robe (worn)
 b - a +0 hat (worn)
 s - a +0 cloak (worn)
Wands
 y - a wand of slowing (34/48)
Scrolls
 e - a scroll of remove curse
 g - a scroll of identify {unknown}
 o - a scroll of noise {unknown}
Books
 c - a book of Minor Magic

   Spells                             Type                      Level
   a - Magic Dart                     Conjuration                  1
   b - Blink                          Translocation                2
   c - Call Imp                       Summoning                    2
   d - Repel Missiles                 Charms/Air                   2
   e - Slow                           Hexes                        2
   f - Conjure Flame                  Conjuration/Fire             3
   g - Mephitic Cloud                 Conjuration/Poison/Air       3
Comestibles
 d - a bread ration
 j - a beef jerky
 l - 2 meat rations


   Skills:
 + Level 3.2 Dodging
 + Level 2.9 Stealth
 + Level 6.1 Spellcasting
 + Level 1.9 Conjurations
 + Level 1.5 Summonings
 + Level 1.1 Translocations


You had 3 spell levels left.
You knew the following spells:

 Your Spells              Type           Power        Failure   Level  Hunger
a - Magic Dart            Conj           ###.         6%          1    None
b - Blink                 Tloc           N/A          10%         2    None
c - Call Imp              Summ           ##......     10%         2    None
d - Repel Missiles        Chrm/Air       #.....       14%         2    None
e - Slow                  Hex            #.......     14%         2    None
f - Conjure Flame         Conj/Fire      ##......     21%         3    #......


Dungeon Overview and Level Annotations

Branches:
Dungeon (2/15)

Altars:
Yredelemnul


Innate Abilities, Weirdness & Mutations

You are dopey. (Int -2)
Your magical capacity is low. (-10% MP)
You regenerate slowly when monsters are visible.


Message History

You feel sick.
It was a potion of mutation.
You feel extremely strange.
You feel stupid.
You feel less energetic.
Your natural regeneration is weakened.
* * * LOW HITPOINT WARNING * * *
You feel sick.
Your white imp disappears in a puff of smoke!
A goblin comes into view. It is wielding a dagger of draining.
Casting: Magic Dart
Confirm with . or Enter, or press ? or * to list all spells.
Aiming: Magic Dart
Press: ? - help, Shift-Dir - straight line, f - goblin
Aim: a goblin, wielding a dagger of draining The magic dart hits the goblin.
The goblin is severely wounded.
* * * LOW HITPOINT WARNING * * *
You feel sick.
Your crimson imp blinks!
The goblin throws a stone.
The stone hits you.
You die...

####..# #..# ###
#######.##..####g†## ...
.........>.......$.##.#
#####.#.#..####...#...#
#.#...#.............#...#
#<...######.........# ###
#....# ...........#
.....+ .##....†...#
##...# +...§@.5.+ #...#
#........# #....
#........# ......
#........# .......
#........# ##########


You could see a goblin and a friendly crimson imp.

Vanquished Creatures
  Natasha (D:2)
  3 adders (D:2)
  4 bats (D:1)
  4 hobgoblins
  2 jackals (D:2)
  4 kobolds (D:1)
  2 giant newts (D:1)
  A goblin (D:2)
  3 rats
24 creatures vanquished.

Vanquished Creatures (collateral kills)
  Crazy Yiuf (D:2)
  Ijyb (D:2)
  A jackal (D:2)
  A giant newt (D:2)
4 creatures vanquished.

Grand Total: 28 creatures vanquished

Notes
Turn   | Place    | Note
-------+----------+-------------------------------------------
     0 | D:1      | IDKthis2c the Deep Elf Wizard began the quest for the Orb.
     0 | D:1      | Reached XP level 1. HP: 10/10 MP: 7/7
   350 | D:1      | Reached XP level 2. HP: 15/15 MP: 7/9
   356 | D:1      | Learned a level 2 spell: Blink
   359 | D:1      | Learned a level 2 spell: Call Imp
   369 | D:1      | Learned a level 2 spell: Repel Missiles
   372 | D:1      | Learned a level 2 spell: Slow
   783 | D:1      | Reached skill level 5 in Spellcasting
   957 | D:2      | Found a runed door.
   976 | D:2      | Noticed Crazy Yiuf
   990 | D:2      | Killed Crazy Yiuf
   990 | D:2      | Reached XP level 3. HP: 19/19 MP: 2/11
   995 | D:2      | Learned a level 3 spell: Conjure Flame
  1039 | D:2      | Noticed Natasha
  1130 | D:2      | Killed Natasha
  1130 | D:2      | Reached XP level 4. HP: 24/24 MP: 1/13
  1370 | D:2      | Found a basalt altar of Yredelemnul.
  1656 | D:2      | Noticed Ijyb
  1656 | D:2      | Reached skill level 6 in Spellcasting
  1664 | D:2      | Killed Ijyb
  1671 | D:2      | Gained mutation: You are dopey. (Int -2) [potion of mutation]
  1671 | D:2      | Gained mutation: Your magical capacity is low. (-10% MP) [potion of mutation]
  1671 | D:2      | Gained mutation: You regenerate slowly when monsters are visible. [potion of mutation]
  1671 | D:2      | HP: 1/24 [poisoned by Ijyb]
  1672 | D:2      | Hit by a stone thrown by a goblin

Vault maps used:
D:1:      dpeg_arrival_renting, minmay_misc_feat_cross
D:2:      lemuel_coloured_pillars_altar, first_bread, uniq_natasha, uniq_iyjb,
          uniq_crazy_yiuf_cottage

Skill      XL: |  1  2  3  4 |
---------------+-------------+-----
Spellcasting   | 5 6 |  6.1
Dodging        | 3 |  3.2
Stealth        | |  2.9
Conjurations   | |  1.9
Summonings     | |  1.5
Translocations | |  1.1

Action                   |  1- 3 |  4- 6 || total
-------------------------+-------+-------++-------
Melee: Mace              |       |     6 ||     6
 Cast: Magic Dart        |    46 |    25 ||    71
       Call Imp          |     7 |     2 ||     9
       Repel Missiles    |     1 |       ||     1
       Conjure Flame     |       |     1 ||     1
  Use: Scroll            |       |     1 ||     1
       Potion            |       |     1 ||     1
  Eat: Chunk             |       |     1 ||     1
Armor: Robe              |       |     4 ||     4
Dodge: Dodged            |     9 |    11 ||    20
